 Dungeon Crawl Stone Soup version 0.26-a0-163-g6c8a0bf695 (webtiles) character file.

Game seed: 13354616401964033497

253 BritishOli the Slasher (level 5, -10/41 HPs)
             Began as a Demonspawn Gladiator on July 3, 2020.
             Mangled by an ogre
             ... wielding a +0 giant club
              (26 damage)
             ... on level 4 of the Dungeon.
             The game lasted 00:05:18 (3440 turns).

BritishOli the Slasher (Demonspawn Gladiator)       Turns: 3440, Time: 00:05:19

Health: -10/41     AC: 12    Str: 15    XL:     5   Next: 90%
Magic:  14/14      EV:  8    Int:  9    God:
Gold:   250        SH:  0    Dex: 15    Spells: 4/4 levels left

rFire    + . .     SeeInvis .   l - +3 short sword
rCold    . . .     Faith    .   (no shield)
rNeg     + . .     Spirit   .   m - +0 chain mail {rF+}
rPois    .         Reflect  .   c - +0 helmet
rElec    .         Harm     .   q - +2 cloak
rCorr    .                      (no gloves)
MR       .....                  (no boots)
Stlth    ..........             (no amulet)
HPRegen  0.13/turn              o - ring of positive energy
MPRegen  0.14/turn              p - ring of magical power

@: hasted, very quick
A: hooves 2, powered by death 1
a: no special abilities


You were on level 4 of the Dungeon.
You were not hungry.

You visited 1 branch of the dungeon, and saw 4 of its levels.

You collected 250 gold pieces.

Inventory:

Hand Weapons
 a - a +0 long sword
 l - a +3 short sword (weapon)
Missiles
 d - 3 throwing nets
 v - 3 boomerangs (quivered)
Armour
 c - a +0 helmet (worn)
 m - a +0 chain mail of fire resistance (worn)
 q - a +2 cloak (worn)
Jewellery
 o - a ring of positive energy (left hand)
 p - a ring of magical power (right hand)
Scrolls
 b - 3 scrolls of teleportation {unknown}
 e - a scroll of fear {unknown}
 j - 3 scrolls of identify {unknown}
 n - a scroll of enchant armour {unknown}
 r - a scroll of noise {unknown}
 s - a scroll of blinking {unknown}
 u - 3 scrolls of remove curse {unknown}
Potions
 g - a potion of haste
 h - a potion of might {unknown}
 i - a potion of lignification {unknown}
 k - a potion of flight {unknown}
Comestibles
 f - 4 rations
 t - a chunk of flesh


   Skills:
 + Level 3.2 Fighting
 * Level 4.3 Long Blades
 - Level 2.0 Throwing
 + Level 2.0 Armour
 + Level 3.5 Dodging


You had 4 spell levels left.
You didn't know any spells.
Your spell library was empty.

Dungeon Overview and Level Annotations

Branches:
Dungeon (4/15)
 Temple: D:4-7

Altars:
Gozag
Nemelex Xobeh

Portals:
Ossuary: D:4


Innate Abilities, Weirdness & Mutations

You have hoof-like feet.
You regenerate a little health from kills.


Message History

Your chain mail prevents you from hitting the mummy.
The kobold zombie hits you but does no damage.
The mummy hits you!
You hit the mummy.
The mummy is lightly damaged.
You hit the mummy but do no damage. You kick the mummy, but do no damage.
The mummy is lightly damaged.
The kobold zombie hits you but does no damage.
The mummy hits you.
You barely miss the mummy.
The mummy is lightly damaged.
The kobold zombie closely misses you.
It was a potion of haste.
You feel yourself speed up. The ogre closely misses you.
The mummy hits you but does no damage. The kobold zombie barely misses you.
You hit the mummy. You kick the mummy.
The mummy is heavily damaged.
The ogre hits you with a +0 giant club!!
Ouch! That really hurt!
You die...

#...'[##..###.###
#...###.#....#.......
##..##..##..#.######.
#######.#...###......#
............'.##.....#
######..#...###.††...##
#..##..##..........
#.Z###.#...........
#.O@M##............
#[.###).#......>...
#..##...####.......
#..#/.#...>........
##......######.....
#..##.## #... #.# #..
.. ## ####


You could see an ogre, a mummy and a kobold zombie.

Vanquished Creatures
  A scorpion (D:4)
  An orc priest (D:3)
  An orc wizard (D:3)
  4 adders
  4 gnolls
  5 worms
  A leopard gecko (D:2)
  An orc (D:2)
  4 bats
  5 giant cockroaches
  A goblin (D:1)
  4 hobgoblins
  7 jackals
  10 kobolds
  4 quokkas
  2 ball pythons
  7 frilled lizards
  A goblin zombie (D:4)
  3 rats
66 creatures vanquished.

Notes
Turn   | Place    | Note
-------+----------+-------------------------------------------
     0 | D:1      | BritishOli the Demonspawn Gladiator began the quest for the
                  | Orb.
     0 | D:1      | Reached XP level 1. HP: 16/16 MP: 1/1
   451 | D:1      | Gained mutation: You regenerate a little health from kills.
                  | [demonic ancestry]
   451 | D:1      | Reached XP level 2. HP: 19/22 MP: 2/2
   842 | D:1      | Reached skill level 3 in Long Blades
  1450 | D:2      | Reached XP level 3. HP: 24/28 MP: 3/3
  1695 | D:1      | Reached skill level 1 in Armour
  1900 | D:1      | Gained mutation: You have large cloven feet. [demonic
                  | ancestry]
  1900 | D:1      | Reached XP level 4. HP: 23/34 MP: 4/4
  2803 | D:3      | Found an opulent altar of Gozag.
  2805 | D:3      | Found a sparkling altar of Nemelex Xobeh.
  2822 | D:3      | Gained mutation: You have hoof-like feet. [demonic
                  | ancestry]
  2822 | D:3      | Reached XP level 5. HP: 39/40 MP: 5/5
  3042 | D:3      | Reached skill level 4 in Long Blades
  3426 | D:4      | Noticed an ogre
  3433 | D:4      | Found a sand-covered staircase.
  3440 | D:4      | Mangled by an ogre

Illustrated notes

Levels and vault maps discovered:
D:1:      saegor_arrival_simple_b, layout_loops_corners
D:2:      layout_rooms, minmay_box_of_dots
D:3:      layout_basic, grunt_temple_overflow_opulence
D:4:      layout_loops_ring, lemuel_doored_altar, first_ration,
          nicolae_ossuary_entry_giza, uniq_eustachio

Skill      XL: |  1  2  3  4  5 |
---------------+----------------+-----
Throwing       | 2 |  2.0
Long Blades    | 3 4 |  4.3
Dodging        | 3 |  3.5
Armour         | 1 2 |  2.0
Fighting       | 3 |  3.2

Action                   |  1- 3 |  4- 6 || total
-------------------------+-------+-------++-------
Melee: Long sword        |    38 |       ||    38
       Short sword       |    73 |   126 ||   199
       Kick              |       |    38 ||    38
  Use: Potion            |       |     1 ||     1
  Eat: Chunk             |     3 |     5 ||     8
Armor: Leather armour    |    28 |       ||    28
       Chain mail        |    14 |    81 ||    95
Dodge: Dodged            |    68 |    41 ||   109
       Rpst.: Long sword |    13 |       ||    13

Table legend:
 A = Non-vault XP
 B = Vault XP
 C = Vault XP percentage of total XP
 D = Non-vault monster count
 E = Vault monster count
 F = Vault count percentage of total count
                 A         B        C        D         E       F
            +---------+---------+-------+---------+---------+-------
      Total |     331 |      31 |   8.6 |      61 |       5 |   7.6
            +---------+---------+-------+---------+---------+-------
        D:1 |      72 |       2 |   2.7 |      22 |       1 |   4.3
        D:2 |      76 |      28 |  26.9 |      23 |       3 |  11.5
        D:3 |     107 |       0 |   0.0 |      13 |       0 |   0.0
        D:4 |      76 |       1 |   1.3 |       3 |       1 |  25.0
            +---------+---------+-------+---------+---------+-------
